 Dungeon Crawl Stone Soup version 0.26-a0-1181-gd376ed14c5 (webtiles) character file.

Game seed: 17251876657209052345

637 Azzok the Cudgeller (level 7, 0/52 HPs)
             Began as a Demonspawn Berserker on Dec 26, 2020.
             Was a Priest of Trog.
             Succumbed to an adder's poison
             ... on level 4 of the Dungeon.
             The game lasted 00:04:42 (4885 turns).

Azzok the Cudgeller (Demonspawn Berserker)          Turns: 4885, Time: 00:04:42

Health: 0/52       AC: 11    Str: 19    XL:     7   Next: 25%
Magic:  7/7        EV:  6    Int:  8    God:    Trog [***...]
Gold:   154        SH:  0    Dex: 15    Spells: 6/6 levels left

rFire    . . .     SeeInvis .   d - +3 spear
rCold    . . .     Faith    .   (no shield)
rNeg     . . .     Spirit   .   m - +0 plate armour
rPois    .         Reflect  .   (no helmet)
rElec    .         Harm     .   h - +0 cloak
rCorr    .         Rampage  .   (no gloves)
Will     .....                  (no boots)
Stlth    ..........             (no amulet)
HPRegen  0.17/turn              (no ring)
MPRegen  0.10/turn              (no ring)

@: lethally poisoned (0 -> -8), berserk cooldown, slowed, very slow
A: claws 1, thin skeletal structure 1
a: Renounce Religion, Berserk, Trog's Hand


You were on level 4 of the Dungeon.
You worshipped Trog.
Trog was most pleased with you.
You visited 1 branch of the dungeon, and saw 4 of its levels.

You collected 154 gold pieces.

Inventory:

Hand Weapons
 a - a +0 hand axe
 d - a +3 spear (weapon)
Armour
 h - a +0 cloak (worn)
 m - a +0 plate armour (worn)
Jewellery
 q - an uncursed ring of ice {unknown}
 r - an uncursed ring of willpower {unknown}
Scrolls
 b - 2 scrolls of amnesia {unknown}
 c - a scroll of fear {unknown}
 f - 2 scrolls of identify {unknown}
 g - 4 scrolls of remove curse {unknown}
 l - a scroll of enchant armour {unknown}
 t - a scroll of teleportation {unknown}
Potions
 e - a potion of heal wounds {unknown}
 i - 3 potions of lignification {unknown}
 j - 3 potions of curing {unknown}
 k - a potion of attraction {unknown}
 n - 3 potions of brilliance {unknown}
 o - 2 potions of flight {unknown}
 p - a potion of resistance {unknown}
 s - a potion of cancellation {unknown}


   Skills:
 - Level 3.0 Fighting
 - Level 2.6(5.3) Axes
 + Level 7.1(7.4) Maces & Flails
 - Level 1.7 Armour
 - Level 1.7 Dodging


You had 6 spell levels left.
You didn't know any spells.
Your spell library was empty.

Dungeon Overview and Level Annotations

Branches:
Dungeon (4/15)
 Temple: D:4-7

Altars:
Elyvilon
Fedhas
Qazlal
Trog
Xom


Innate Abilities, Weirdness & Mutations

You have sharp fingernails.
You have a somewhat thin skeletal structure. (Dex +2, Stealth)


Message History

The adder poisons you! The adder barely misses you.
You closely miss the adder.
You feel sick. The adder bites you.
* * * LOW HITPOINT WARNING * * *
The adder bites you but does no damage.
You hit the adder.
The adder is moderately wounded.
You feel sick.
The adder bites you but does no damage. x2
You hit the adder.
The adder is heavily wounded.
The adder barely misses you. The adder bites you but does no damage.
You miss the adder.
The adder is heavily wounded.
You feel sick. The adder bites you.
* * * LOW HITPOINT WARNING * * *
You are lethally poisoned!
The adder poisons you! The adder bites you.
* * * LOW HITPOINT WARNING * * *
You hit the adder.
The adder is heavily wounded.
You die...

▒▒▒▒▒▒▒▒▒▒▒▒
▒··········▒
▒▒▒▒▒▒▒·▒▒▒▒▒▒▒▒·▒
········▒ ▒·▒
▒▒▒▒▒▒▒▒▒ ▒▒·▒▒
▒▒▒▒▒▒···▒▒
·······▒··▒▒ ▒▒▒
···▒▒S@)··▒ ▒··
··▒ ▒·····▒ ▒·▒ ▒
▒·····▒ ▒(▒
▒▒····▒ ▒·▒
▒···▒··
▒·▒▒▒▒·▒▒▒▒·▒
···▒▒▒·▒
···>········▒ ▒▒·!
▒▒ ·▒▒▒▒▒··▒▒▒▒▒
▒·▒ ·▒ ▒▒···▒▒


You could see an adder.

Vanquished Creatures
  Edmund (D:4)
  2 howler monkeys (D:4)
  4 crimson imps (D:3)
  An orc priest (D:4)
  Natasha (thrice) (D:3)
  4 adders
  7 gnolls (D:4)
  An ooze (D:2)
  3 worms
  3 dart slugs
  5 leopard geckos (D:2)
  7 orcs
  A ball python (D:4)
  6 giant cockroaches
  9 goblins
  9 hobgoblins
  8 jackals
  5 bats
  3 frilled lizards (D:3)
  4 kobolds
  4 rats
  A rat zombie (D:4)
91 creatures vanquished.

Vanquished Creatures (others)
  A bat (D:2)
  4 plants (D:2)
5 creatures vanquished.

Grand Total: 96 creatures vanquished

Notes
Turn   | Place    | Note
-------+----------+-------------------------------------------
     0 | D:1      | Azzok the Demonspawn Berserker began the quest for the Orb.
     0 | D:1      | Reached XP level 1. HP: 18/18 MP: 1/1
   120 | D:1      | Reached skill level 1 in Maces & Flails
   393 | D:1      | Gained mutation: You have sharp fingernails. [demonic
                  | ancestry]
   393 | D:1      | Reached XP level 2. HP: 11/24 MP: 2/2
   883 | D:1      | Reached skill level 2 in Maces & Flails
  1181 | D:1      | Reached ** piety under Trog
  1233 | D:2      | Gained mutation: You have a somewhat thin skeletal
                  | structure. (Dex +2, Stealth) [demonic ancestry]
  1233 | D:2      | Reached XP level 3. HP: 29/29 MP: 3/3
  1706 | D:2      | Reached skill level 3 in Maces & Flails
  1805 | D:2      | Reached XP level 4. HP: 32/35 MP: 4/4
  2165 | D:2      | Found a bloodstained altar of Trog.
  2166 | D:2      | Found a blossoming altar of Fedhas.
  2166 | D:2      | Found a white marble altar of Elyvilon.
  3098 | D:3      | Found a shimmering altar of Xom.
  3134 | D:3      | Noticed Natasha
  3144 | D:3      | Killed Natasha
  3145 | D:3      | Reached skill level 4 in Maces & Flails
  3209 | D:3      | Noticed Natasha
  3219 | D:3      | Killed Natasha
  3220 | D:3      | Reached XP level 5. HP: 29/41 MP: 5/5
  3242 | D:3      | Noticed Natasha
  3249 | D:3      | Killed Natasha
  3904 | D:3      | Found a shimmering altar of Xom.
  3909 | D:3      | Reached skill level 5 in Maces & Flails
  3916 | D:3      | Reached XP level 6. HP: 47/47 MP: 6/6
  4104 | D:3      | Reached *** piety under Trog
  4328 | D:4      | Reached skill level 6 in Maces & Flails
  4458 | D:4      | Found a stormy altar of Qazlal.
  4517 | D:4      | Reached XP level 7. HP: 31/52 MP: 7/7
  4842 | D:4      | Noticed Edmund
  4861 | D:4      | Killed Edmund
  4862 | D:4      | Reached skill level 7 in Maces & Flails
  4884 | D:4      | HP: 2/52 [adder (4)]
  4885 | D:4      | Succumbed to an adder's poison

Illustrated notes

Levels and vault maps discovered:
D:1:      dpeg_arrival_arbitrary_a, layout_loops_cross, minmay_hexomino_p4
D:2:      layout_loops_ring, gammafunk_temple_overflow_forgotten,
          lemuel_flame_loot_1
D:3:      layout_loops_ring, overflow_temple_1_default, led_xom_imps,
          uniq_natasha
D:4:      layout_loops_ring, nicolae_qazlal_eye_of_the_storm,
          lemuel_zombie_altar_kikubaaqudgha, serial_shops, nicolae_shop_trees,
          uniq_grinder, uniq_edmund

Skill      XL: |  1  2  3  4  5  6  7 |
---------------+----------------------+-----
Maces & Flails | 1 2 3 4 5 6 7 |  7.1
Fighting       | |  3.0
Axes           | |  2.6
Armour         | |  1.7
Dodging        | |  1.7

Action                   |  1- 3 |  4- 6 |  7- 9 || total
-------------------------+-------+-------+-------++-------
Melee: Spear             |   116 |   224 |    32 ||   372
       Hand axe          |    13 |       |       ||    13
Invok: Berserk           |       |     4 |     1 ||     5
Armor: Animal skin       |    17 |       |       ||    17
       Ring mail         |     7 |       |       ||     7
       Plate armour      |    14 |   140 |    16 ||   170
       Scale mail        |     3 |       |       ||     3
Dodge: Dodged            |    61 |    81 |     4 ||   146

Table legend: (Time is in decaauts)
 A = Elapsed time spent in this place.
 B = Non-inter-level travel time spent in this place.
 C = Inter-level travel time spent in this place.
 D = Time resting spent in this place.
 E = Time spent auto-exploring this place.
 F = Levels seen in this place.
 G = Mean time per level.
                   A        B        C        D        E       F      G
               +--------+--------+--------+--------+--------+-----+--------+
         Total |   4954 |   4836 |    118 |   1034 |   2998 |   4 | 1238.5 |
       Dungeon |   4954 |   4836 |    118 |   1034 |   2998 |   4 | 1238.5 |
               +--------+--------+--------+--------+--------+-----+--------+

Top non-repeatable levels by time:
     D:2: 1598 daAuts
     D:3: 1480 daAuts
     D:1: 1234 daAuts
     D:4: 641 daAuts
